 Dungeon Crawl Stone Soup version 0.14-a0-1313-gb2df4ef (webtiles) character file.

1039 PolkaDot the Ruinous (level 7, 0/46 HPs)
             Began as a Vampire Conjurer on Dec 5, 2013.
             Slain by an ogre
             ... wielding a +0,+0 great mace
              (20 damage)
             ... on Level 4 of the Dungeon.
             The game lasted 00:16:27 (3448 turns).

PolkaDot the Ruinous (Vampire Conjurer)             Turns: 3448, Time: 00:16:27

HP   0/46        AC  3     Str  7      XL: 7   Next: 88%
MP   8/12        EV 13     Int 19      God:
Gold 97          SH  0     Dex 14      Spells:  2 memorised,  7 levels left

rFire  . . .     SeeInvis +     g - +2,+3 orc dagger (venom)
rCold  . . .     Clarity  .     a - +0 robe
rNeg   . . .     Conserve .     (no shield)
rPois  .         rCorr    .     (no helmet)
rElec  .         rRot     .     h - +0 cloak
SustAb . .       Spirit   .     (no gloves)
rMut   .         Warding  .     (no boots)
Saprov . . .     Stasis   .     (no amulet)
                                (no ring)
                                j - +1 ring of evasion

@: regenerating quickly, slightly resistant to hostile enchantments, stealthy
A: bottle blood, fangs 3, see invisible, unbreathing
a: Bottle Blood


You were on level 4 of the Dungeon.
You were very full.

You visited 1 branch of the dungeon, and saw 4 of its levels.

You collected 97 gold pieces.

Inventory:

Hand weapons
 g - a +2,+3 orcish dagger of venom (weapon)
Armour
 a - a +0 robe (worn)
 h - a +0 cloak (worn)
 m - a +0 buckler
Magical devices
 q - a wand of random effects (3)
Scrolls
 b - 3 scrolls of immolation {unknown}
 d - 2 scrolls of curse armour {unknown}
 e - 6 scrolls of identify {unknown}
 i - 3 scrolls of remove curse {unknown}
 k - 4 scrolls of random uselessness {unknown}
 o - a scroll of magic mapping {unknown}
 s - a scroll of enchant armour {unknown}
Jewellery
 j - a +1 ring of evasion (left hand)
Potions
 f - 2 potions of heal wounds {unknown}
 l - a potion of confusion {unknown}
 p - a potion of mutation {unknown}
 r - a potion of restore abilities {unknown}
Books
 c - a book of Conjurations

   Spells                             Type                      Level
   *Magic Dart                        Conjuration                  1
   *Searing Ray                       Conjuration                  2
   Dazzling Spray                     Conjuration/Hexes            3
   Iskenderun's Mystic Blast          Conjuration                  4
   Iskenderun's Battlesphere          Conjuration/Charms           4
   Fulminant Prism                    Conjuration/Hexes            5
 n - a book of Conjurations

   Spells                             Type                      Level
   *Magic Dart                        Conjuration                  1
   *Searing Ray                       Conjuration                  2
   Dazzling Spray                     Conjuration/Hexes            3
   Iskenderun's Mystic Blast          Conjuration                  4
   Iskenderun's Battlesphere          Conjuration/Charms           4
   Fulminant Prism                    Conjuration/Hexes            5


   Skills:
 - Level 2.1 Dodging
 - Level 3.0 Stealth
 - Level 2.0 Spellcasting
 * Level 7.6 Conjurations


You had 7 spell levels left.
You knew the following spells:

 Your Spells              Type           Power        Failure   Level  Hunger
a - Magic Dart            Conj           ####         1%          1    #......
s - Searing Ray           Conj           ####..       1%          2    ##.....


Dungeon Overview and Level Annotations

Branches:
Dungeon (4/16)
 Temple: D:4-7

Altars:


Innate Abilities, Weirdness & Mutations

Your natural rate of healing is unusually fast.
You can bottle blood from corpses.
You have razor-sharp teeth.*
You have supernaturally acute eyesight.
You can survive without breathing.*


Message History

You hit the goblin.
You kill the goblin!
You hit the ogre.
The ogre is lightly wounded.
The ogre hits you with a great mace!
Things that are here:
a short sword; a hobgoblin skeleton You see here a giant mite corpse.
Casting: Searing Ray
Confirm with . or Enter, or press ? or * to list all spells.
Aiming: Searing Ray
Press: ? - help, Shift-Dir - straight line, f - ogre
Aim: an ogre, wielding a great mace The searing ray hits the ogre.
The ogre is lightly wounded.
The searing ray misses the ogre.
The ogre hits you with a great mace!
The searing ray hits the ogre.
The ogre is heavily wounded.
The ogre hits you with a great mace!
You die...

#...............................
#...............###############.
..# ##########.# #. #.# #. #.#
#. #.# #.
#######.###############.
.........................
#######@##############.. #O# #..
#.# #.. ########.# #..
..........##############..
..........................
..........................
##############..######### #..#


You could see an ogre.

Vanquished Creatures
  Pikel (D:4)
  The ghost of Seskara the Bolt Thrower, an average GrHu of Kikubaaqudgha (D:3)
  2 giant frogs (D:4)
  2 hounds (D:4)
  A gnoll shaman (D:3)
  An orc wizard (D:3)
  4 gnolls (D:2)
  4 adders
  2 worms
  2 giant mites
  A giant eyeball (D:4)
  3 oozes
  4 orcs (D:2)
  2 ball pythons (D:1)
  11 bats
  A giant cockroach (D:4)
  13 hobgoblins
  8 kobolds
  3 giant geckos (D:2)
  5 giant newts
  7 goblins
  3 jackals (D:1)
  5 rats
86 creatures vanquished.

Vanquished Creatures (others)
  A worker ant (D:4)
1 creature vanquished.

Grand Total: 87 creatures vanquished

Notes
Turn   | Place    | Note
--------------------------------------------------------------
     0 | D:1      | PolkaDot, the Vampire Conjurer, began the quest for the Orb.
     0 | D:1      | Reached XP level 1. HP: 13/13 MP: 3/3
   278 | D:1      | Reached XP level 2. HP: 19/19 MP: 1/4
   716 | D:1      | Learned a level 2 spell: Searing Ray
  1201 | D:1      | Reached XP level 3. HP: 20/24 MP: 6/6
  1419 | D:2      | Reached skill level 4 in Conjurations
  1534 | D:2      | Reached XP level 4. HP: 25/30 MP: 3/7
  2244 | D:3      | Reached XP level 5. HP: 11/35 MP: 5/9
  2297 | D:3      | Noticed Seskara's ghost (average GrHu)
  2379 | D:3      | Reached skill level 5 in Conjurations
  2717 | D:3      | Killed Seskara's ghost
  2717 | D:3      | Reached XP level 6. HP: 25/41 MP: 3/10
  2990 | D:4      | Paralysed by a giant eyeball for 3 turns
  2994 | D:4      | Paralysed by a giant eyeball for 2 turns
  3087 | D:4      | Noticed Pikel
  3105 | D:4      | Killed Pikel
  3105 | D:4      | Reached skill level 7 in Conjurations
  3105 | D:4      | Reached XP level 7. HP: 39/46 MP: 1/12
  3219 | D:4      | Somebody: How are you doing? Wait... you're on D:4 again. What happened?
  3219 | D:4      | Somebody: I see you are AFK at the moment. Come see me when you are back, if you don't mind.
  3219 | D:4      | Somebody: It have been going quite decently for my late (and current) DENe character.
  3448 | D:4      | Slain by an ogre

Action                   |  1- 3 |  4- 6 |  7- 9 || total
-------------------------+-------+-------+-------++-------
Melee: Unarmed           |     8 |       |       ||     8
       Dagger            |    56 |    98 |    19 ||   173
 Cast: Magic Dart        |    40 |       |       ||    40
       Searing Ray       |     3 |    13 |     3 ||    19
Evoke: Wand              |       |     1 |       ||     1
  Use: Potion            |     1 |       |       ||     1
 Stab: Distracted        |       |     1 |       ||     1
       Sleeping          |       |     1 |     1 ||     2
